 Dungeon Crawl Stone Soup version 0.32-a0-791-gfc315c9ecd (webtiles) character file.

Game seed: 7906295166329290658

17 Revguard the Trooper (level 2, 0/24 HPs)
             Began as a Demonspawn Fighter on Mar 20, 2024.
             Slain by an adder (2 damage)
             ... on level 2 of the Dungeon.
             The game lasted 00:01:15 (664 turns).

Revguard the Trooper (Demonspawn Fighter)            Turns: 664, Time: 00:01:15

Health: 0/24       AC:  8    Str: 16    XL:     2   Next: 44%
Magic:  2/2        EV:  4    Int:  8    God:
Gold:   66         SH:  0    Dex: 12    Spells: 1/1 levels left

rFire   . . .        a - +0 war axe
rCold   . . .        c - +0 buckler
rNeg    . . .        b - +0 scale mail
rPois   .            (no helmet)
rElec   .            (no cloak)
rCorr   .            (no gloves)
SInv    .            (no boots)
Will    .....        (no amulet) Stlth
                     (no ring)
HPRegen 0.24/turn    (no ring)
MPRegen 0.08/turn

%: no passive effects
@: mighty, attractive, held
A: icy blue scales 1
a: no special abilities


You were on level 2 of the Dungeon.
You visited 1 branch of the dungeon, and saw 2 of its levels.

You collected 66 gold pieces.

Inventory:

Hand Weapons
 a - a +0 war axe (weapon)
Armour
 b - a +0 scale mail (worn)
 c - a +0 buckler (worn)
Scrolls
 e - 2 scrolls of noise
 g - 3 scrolls of identify {unknown}
 h - a scroll of brand weapon {unknown}
 j - 2 scrolls of immolation {unknown}
 l - a scroll of silence {unknown}
 m - a scroll of teleportation {unknown}
 n - a scroll of blinking {unknown}
Potions
 i - a potion of curing {unknown}
 k - a potion of brilliance {unknown}


   Skills:
 * Level 3.2 Fighting
 + Level 1.9 Axes
 + Level 2.8 Armour
 + Level 0.3 Dodging
 + Level 2.8 Shields
 + Level 0.8 Invocations
 + Level 0.3 Evocations


You had one spell level left.
You didn't know any spells.
Your spell library contained the following spells:

 Spells                   Type           Power      Damage    Failure   Level
 Tukima's Dance           Hex            0%         N/A       99%         3
 Passage of Golubria      Tloc           0%         N/A       100%        4
 Yara's Violent Unravell  Hex/Alch       0%         3d3       100%        5
 Malign Gateway           Summ/Tloc      0%         N/A       100%        7
 Summon Horrible Things   Summ           0%         N/A       100%        8


Dungeon Overview and Level Annotations

Branches:
Dungeon (2/15)

Altars:


Innate Abilities, Weirdness & Mutations

You are partially covered in icy blue scales. (AC +2)


Message History

The adder is heavily wounded.
You slash the rat!
You kill the rat!
The adder bites you but does no damage.
Unknown command.
You closely miss the adder.
The adder is heavily wounded.
The adder closely misses you. The adder bites you but does no damage.
You miss the adder.
The adder is heavily wounded.
The adder bites you.
* * * LOW HITPOINT WARNING * * *
You are poisoned.
The adder poisons you!
The ribbon worm expels a string of sticky webbing.
The stream of webbing hits you but does no damage.
You are caught in a web!
The adder bites you.
* * * LOW HITPOINT WARNING * * *
The web tears apart.
* * * LOW HITPOINT WARNING * * *
You feel sick. The adder completely misses you. The adder barely misses you.
You barely miss the adder.
The adder is heavily wounded.
You feel sick. You block the adder's attack. x2
You closely miss the adder.
The adder is heavily wounded.
* * * LOW HITPOINT WARNING * * *
You feel sick.
The adder bites you but does no damage. x2
You miss the adder.
The adder is heavily wounded.
You slash the ribbon worm!
You feel sick.
You are no longer poisoned.
The adder barely misses you.
The ribbon worm expels a string of sticky webbing.
The stream of webbing hits you but does no damage.
You are caught in a web!
The adder barely misses you.
It was a potion of attraction.
You feel attractive to monsters. The adder bites you.
You die...

.$ #.##. .##.
#..... .#.
....#. .. .
.g....###.# .#
.#........##.##.
.....#.#†S......
#....@w.#
###.<.#.#
#.....#
#..##..... ...#
..#.# ###.# ...#
#.. .### #.# #
#..


You could see a ribbon worm and an adder.

Vanquished Creatures
  2 endoplasms
  A giant cockroach (D:1)
  A goblin (D:1)
  3 hobgoblins
  2 jackals (D:1)
  A ball python (D:2)
  A bat (D:1)
  2 frilled lizards
  3 rats
16 creatures vanquished.

Notes
Turn   | Place    | Note
-------+----------+-------------------------------------------
     0 | D:1      | Revguard the Demonspawn Fighter began the quest for the
                  | Orb.
     0 | D:1      | Reached XP level 1. HP: 18/18 MP: 1/1
   375 | D:1      | Gained mutation: You are partially covered in icy blue
                  | scales. (AC +2) [demonic ancestry]
   375 | D:1      | Reached XP level 2. HP: 23/24 MP: 2/2
   664 | D:2      | Slain by an adder

Illustrated notes

Levels and vault maps discovered:
D:1:      co_arrival_square_in_a_square_in_a_square, layout_basic,
          kennysheep_doodads
D:2:      layout_loops_ring, basic_altar, minmay_fractal_squares_5

Action                     || total
---------------------------++-------
  Melee: War axe           ||    45
    Use: Potion            ||     2
         Scroll            ||     1
 Armour: Scale mail        ||    61
  Dodge: Dodged            ||    30
  Block: Buckler           ||    18

Table legend: (Time is in decaauts)
 A = Elapsed time spent in this place.
 B = Non-inter-level travel time spent in this place.
 C = Inter-level travel time spent in this place.
 D = Time resting spent in this place.
 E = Time spent auto-exploring this place.
 F = Levels seen in this place.
 G = Mean time per level.
                   A        B        C        D        E       F      G
               +--------+--------+--------+--------+--------+-----+--------+
         Total |    684 |    660 |     24 |      0 |    535 |   2 |  342.0 |
       Dungeon |    684 |    660 |     24 |      0 |    535 |   2 |  342.0 |
               +--------+--------+--------+--------+--------+-----+--------+

Top non-repeatable levels by time:
     D:1: 662 daAuts
     D:2: 21 daAuts
